 Dungeon Crawl Stone Soup version 0.29.1-12-g30fa7ad0bf (webtiles) character file.

Game seed: 6149604492442914253

37 hawla the Chiller (level 3, 0/26 HPs)
             Began as a Meteoran Ice Elementalist on Dec 22, 2022.
             Slain by a phantom (6 damage)
             ... on level 4 of the Dungeon.
             The game lasted 00:02:26 (374 turns).

hawla the Chiller (Meteoran Ice Elementalist)        Turns: 374, Time: 00:02:27

Health: 0/26       AC:  9    Str:  9    XL:     3   Next: 88%
Magic:  2/8        EV: 12    Int: 19    God:
Gold:   65         SH:  0    Dex: 14    Spells: 4/8 levels left

rFire   . . .      SeeInvis .   d - +2 dagger (protect)
rCold   . . .      Faith    .   (no shield)
rNeg    . . .      Spirit   .   a - +0 robe
rPois   .          Reflect  .   (no helmet)
rElec   .          Harm     .   (no cloak)
rCorr   .          Rampage  .   (no gloves)
Will    .....                   (no boots)
Stlth   +.........              (no amulet)
HPRegen 0.08/turn               (no ring)
MPRegen 0.11/turn               (no ring)

@: under a protective aura, glowing
A: sense surroundings 1, otherworldly, glowing, explore regen
a: no special abilities


You were on level 4 of the Dungeon.
You visited 1 branch of the dungeon, and saw 4 of its levels.

You collected 65 gold pieces.

Inventory:

Hand Weapons
 d - a +2 dagger of protection (weapon)
Armour
 a - a +0 robe (worn)
Scrolls
 c - a scroll of teleportation {unknown}
Potions
 b - a potion of magic


   Skills:
 + Level 0.2 Fighting
 + Level 2.7 Dodging
 - Level 1.4 Stealth
 + Level 3.2 Spellcasting
 + Level 5.2 Ice Magic


You had 4 spell levels left.
You knew the following spells:

 Your Spells              Type           Power      Damage    Failure   Level
a - Freeze                Ice            88%        1d10      1%          1
b - Frozen Ramparts       Ice            44%        1d7       5%          3

Your spell library contained the following spells:

 Spells                   Type           Power      Damage    Failure   Level
 Ozocubu's Armour         Ice            22%        N/A       5%          3
 Hailstorm                Conj/Ice       12%        3d5       45%         4


Dungeon Overview and Level Annotations

Branches:
Dungeon (4/15) Zot: 2026
 Temple: D:4-7

Altars:


Innate Abilities, Weirdness & Mutations

You passively map a small area around you.
You are easily found by Zot.
You glow in the dark.
You regain HP and MP as you explore.


Message History

The phantom hits you.
* * * LOW HITPOINT WARNING * * *
The phantom blinks!
You blink.
Casting: Freeze (safe; 1% risk of failure)
Confirm with . or Enter, or press ? or * to list all spells.
Aiming: Freeze (safe; 1% risk of failure)
Press: ? - help, Shift-Dir - straight line, f/p - phantom
Aim: a phantom (heavily damaged)
You freeze the phantom.
The phantom resists.
The phantom is severely damaged.
The phantom hits you but does no damage.
You miss the phantom.
The phantom is severely damaged.
The phantom hits you.
* * * LOW HITPOINT WARNING * * *
The phantom blinks!
You blink.
It was a potion of curing.
You feel better.
The phantom hits you but does no damage.
Casting: Freeze (safe; 1% risk of failure)
Confirm with . or Enter, or press ? or * to list all spells.
Aiming: Freeze (safe; 1% risk of failure)
Press: ? - help, Shift-Dir - straight line, f/p - phantom
Aim: a phantom (severely damaged)
You freeze the phantom.
The phantom resists.
The phantom is severely damaged.
The phantom misses you.
Unknown command.
You hit the phantom.
Your weapon exudes an aura of protection.
The phantom is severely damaged.
The phantom barely misses you.
You hit the phantom.
The phantom is almost destroyed.
The phantom hits you.
* * * LOW HITPOINT WARNING * * *
The phantom blinks!
You blink.
You closely miss the phantom.
The phantom is almost destroyed.
The phantom hits you.
You die...

*, #.# , , # , #.# # ,
#.#.####.##.#.## ,
................ .. ,
##.#.####§#######*..#*
#......§........##..#
####.####'#####.##..####
# #.......##.##......
,#.@................
#..W............... *
#########.......##.
#..##........
#....##...... *,* *
...##...##....
...........)... *
.......##....#..
*.............#..


You could see a phantom.

Vanquished Creatures
  2 adders (D:2)
  An orc (D:3)
  2 endoplasms
  3 goblins
  2 jackals (D:3)
  2 kobolds
  2 quokkas (D:3)
  A bat (D:2)
  A frilled lizard (D:1)
  A rat (D:2)
17 creatures vanquished.

Vanquished Creatures (others)
  A plant (D:3)
1 creature vanquished.

Grand Total: 18 creatures vanquished

Notes
Turn   | Place    | Note
-------+----------+-------------------------------------------
     0 | D:1      | hawla the Meteoran Ice Elementalist began the quest for the
                  | Orb.
     0 | D:1      | Reached XP level 1. HP: 14/14 MP: 5/5
    75 | D:2      | Reached XP level 2. HP: 5/20 MP: 3/6
    77 | D:2      | HP: 1/20 [poisoned by an adder]
   110 | D:2      | Reached skill level 5 in Ice Magic
   110 | D:2      | Reached XP level 3. HP: 12/26 MP: 3/8
   114 | D:2      | Learned a level 3 spell: Frozen Ramparts
   348 | D:4      | Noticed a phantom
   374 | D:4      | Slain by a phantom

Illustrated notes

Levels and vault maps discovered:
D:1:      elethiomel_arrival_maze, layout_loops_ring,
          chequers_ecumenical_altar_simple_redux, chequers_serial_rivers_micro_b
D:2:      layout_basic
D:3:      wad_woods_tower, layout_basic, zin_scriptorium, minmay_door_square,
          uniq_natasha, uniq_jessica
D:4:      layout_basic, nicolae_wu_jian_wuxing_cycle,
          nicolae_tso_carved_into_rock, hangedman_decor_peaks_small,
          uniq_duvessa

Skill      XL: |  1  2 |
---------------+-------+-----
Spellcasting   | 3 |  3.2
Ice Magic      | 5 |  5.2
Fighting       | |  0.2
Dodging        | |  2.7
Stealth        | |  1.4

Action                   || total
-------------------------++-------
Melee: Dagger            ||    44
       Unarmed           ||     1
       Punch             ||     1
 Cast: Freeze            ||    30
       Frozen Ramparts   ||     1
  Use: Potion            ||     1
Armor: Robe              ||    33
Dodge: Dodged            ||    28
